 Dungeon Crawl Stone Soup version 0.17-a0-1591-g7a45446 (webtiles) character file.

79 volk64 the Magician (level 4, -1/30 HPs)
             Began as a Demonspawn Wizard on July 29, 2015.
             Was an Initiate of Gozag.
             Slain by an ogre
             ... wielding a +0 giant spiked club
              (11 damage)
             ... on level 4 of the Dungeon.
             The game lasted 00:16:32 (2843 turns).

volk64 the Magician (Demonspawn Wizard)             Turns: 2843, Time: 00:16:32

Health: -1/30      AC:  7    Str:  7    XL:     4   Next: 17%
Magic:  2/9        EV: 10    Int: 21    God:    Gozag
Gold:   287        SH:  2    Dex: 11    Spells: 2 memorised, 7 levels left

rFire  . . .     SeeInvis .     e - +0 dagger
rCold  . . .     Clarity  .     f - +0 ring mail
rNeg   . . .     SustAt   .     (no shield)
rPois  .         Gourm    .     b - +0 hat
rElec  .         Spirit   .     (no cloak)
rCorr  .         Warding  .     (no gloves)
rMut   .         Stasis   .     (no boots)
MR     .....                    (no amulet)
Stlth  +.........               (no ring)
                                (no ring)

@: very slightly contaminated, not resistant to hostile enchantments, very
unstealthy
A: horns 1, large bone plates 1, spiny 1
a: Potion Petition, Call Merchant, Bribe Branch, Renounce Religion


You were on level 4 of the Dungeon.
You worshipped Gozag.
Gozag was noncommittal.
You were not hungry.

You visited 1 branch of the dungeon, and saw 4 of its levels.

You collected 287 gold pieces.

Inventory:

Hand weapons
 e - a +0 dagger (weapon)
Armour
 a - a +0 robe
 b - a +0 hat (worn)
 f - a +0 ring mail (worn)
Jewellery
 i - an uncursed ring of loudness
Scrolls
 g - a scroll of teleportation
 h - 3 scrolls of identify
 k - a scroll of fog
 l - a scroll of recharging
 o - a scroll of remove curse
 p - a scroll of random uselessness
Potions
 j - 2 potions of brilliance
Books
 c - a book of Minor Magic

   Spells                             Type                      Level
   a - Magic Dart                     Conjuration                  1
   b - Blink                          Translocation                2
   c - Call Imp                       Summoning                    2
   d - Repel Missiles                 Charms/Air                   2
   e - Slow                           Hexes                        2
   f - Conjure Flame                  Conjuration/Fire             3
   g - Mephitic Cloud                 Conjuration/Poison/Air       3
Comestibles
 d - a bread ration
 m - 2 meat rations


   Skills:
 + Level 0.2 Fighting
 + Level 1.0 Armour
 + Level 2.4 Dodging
 + Level 2.0 Stealth
 + Level 3.6 Spellcasting
 + Level 1.9 Conjurations
 + Level 1.1 Summonings
   Level 0.8 Translocations


You had 7 spell levels left.
You knew the following spells:

 Your Spells              Type           Power        Failure   Level  Hunger
a - Magic Dart            Conj           ##..         21%         1    None
b - Call Imp              Summ           #.......     38%         2    ##.....


Dungeon Overview and Level Annotations

Branches:
Dungeon (4/15)
 Temple: D:4-7

Altars:
Gozag

Shops:
D:4 (


Innate Abilities, Weirdness & Mutations

You have a pair of small horns on your head.
You are partially covered in large bone plates (AC +2, SH +2).
You are partially covered in sharp spines.


Message History

Casting: Call Imp
Confirm with . or Enter, or press ? or * to list all spells.
You miscast Call Imp.
You hear strange voices.
Casting: Call Imp
Confirm with . or Enter, or press ? or * to list all spells.
You don't have enough magic to cast that spell.
You hit the ogre.
The ogre is lightly wounded.
The ogre is struck by your spines.
The ogre hits you with a giant spiked club!
* * * LOW HITPOINT WARNING * * *
You are too injured to fight recklessly!
You are too injured to fight recklessly!
There is an open door here.
There is an entrance to Xuadu's Weapon Shoppe here.
You open the door. The ogre is struck by your spines.
The ogre hits you with a giant spiked club!
You die...
Your body crumbles into a pile of gold.

#####.##..# ##.##).#
#. ##...#.)##..##
#..###..............
............###)###
.##......#.#
#.#....#.# #
#O##.#.# +@+.....
#'#..... ..##.####
##.# .# ##. #


You could see an ogre.

Vanquished Creatures
  A gnoll (D:4)
  2 oozes
  A worm (D:3)
  A ball python (D:3)
  A giant cockroach (D:1)
  3 goblins
  5 hobgoblins
  4 jackals
  5 kobolds
  A quokka (D:2)
  6 bats
  4 giant newts
  4 rats
38 creatures vanquished.

Vanquished Creatures (collateral kills)
  3 gnolls (D:4)
  A hobgoblin (D:1)
  3 jackals
  A giant newt (D:1)
  3 rats (D:1)
11 creatures vanquished.

Grand Total: 49 creatures vanquished

Notes
Turn   | Place    | Note
--------------------------------------------------------------
     0 | D:1      | volk64 the Demonspawn Wizard began the quest for the Orb.
     0 | D:1      | Reached XP level 1. HP: 13/13 MP: 4/4
   265 | D:1      | Gained mutation: You are partially covered in large bone plates (AC +2, SH +2). [demonic ancestry]
   265 | D:1      | Reached XP level 2. HP: 7/19 MP: 1/6
   570 | D:1      | Learned a level 2 spell: Call Imp
  1859 | D:2      | Found a faded altar to an unknown god.
  1874 | D:2      | Gained mutation: You are partially covered in sharp spines. [demonic ancestry]
  1874 | D:2      | Reached XP level 3. HP: 16/24 MP: 3/7
  1880 | D:2      | Became a worshipper of Gozag Ym Sagoz the Greedy
  2458 | D:3      | Found an opulent altar of Gozag.
  2794 | D:4      | Reached skill level 1 in Armour
  2794 | D:4      | Gained mutation: You have a pair of small horns on your head. [demonic ancestry]
  2794 | D:4      | Reached XP level 4. HP: 8/30 MP: 1/9
  2831 | D:4      | Found Xuadu's Weapon Shoppe.
  2836 | D:4      | Noticed an ogre
  2843 | D:4      | Slain by an ogre

Vault maps used:
D:1:      dpeg_arrival_renting
D:2:      ecumenical_altar_1
D:3:      lemuel_doored_altar, first_bread, serial_bayou_lagoon_a
D:4:      portal_sewer_entry_d, serial_shops, kennysheep_mini

Action                   |  1- 3 |  4- 6 || total
-------------------------+-------+-------++-------
Melee: Unarmed           |    17 |       ||    17
       Dagger            |   129 |     1 ||   130
 Cast: Magic Dart        |    28 |       ||    28
       Call Imp          |     7 |       ||     7
Invok: Potion Petition   |     1 |       ||     1
  Use: Scroll            |     4 |     2 ||     6
       Potion            |     5 |     1 ||     6
  Eat: Chunk             |     4 |       ||     4
       Bread ration      |     1 |       ||     1
